 Seeded DCSS version 0.29-a0-356-g7bc237e783 (webtiles) character file.

Game seed: 13387057801375688922 (custom seed)

16 zeratav the Insei (level 2, 18/18 HPs)
             Began as an Octopode Transmuter on Apr 26, 2022.
             Quit the game on level 1 of the Dungeon.
             The game lasted 00:00:56 (768 turns).

zeratav the Insei (Octopode Transmuter)              Turns: 768, Time: 00:00:57

Health: 18/18      AC:  1    Str:  9    XL:     2   Next: 54%
Magic:  5/5        EV: 13    Int: 15    God:
Gold:   17         SH:  0    Dex: 12    Spells: 4/5 levels left

rFire   . . .      SeeInvis .     - Unarmed
rCold   . . .      Faith    .   (no shield)
rNeg    . . .      Spirit   .   (helmet restricted)
rPois   .          Reflect  .   (no amulet)
rElec   .          Harm     .   (no ring)
rCorr   .          Rampage  .   (no ring)
Will    .....                   (no ring)
Stlth   ++........              (no ring)
HPRegen 0.06/turn               (no ring)
MPRegen 0.09/turn               (no ring)
                                (no ring)
                                (no ring)

@: no status effects
A: almost no armour, amphibious, 8 rings, camouflage 1, gelatinous body 1,
(nimble swimmer 1), tentacles
a: no special abilities


You were on level 1 of the Dungeon.
You visited 1 branch of the dungeon, and saw 1 of its levels.

You collected 17 gold pieces.


Innate Abilities, Weirdness & Mutations

You cannot wear most types of armour.
You are amphibious.
You can wear up to eight rings at the same time.
Your skin changes colour to match your surroundings (Stealth+).
Your rubbery body absorbs attacks. (AC +1, EV +1)
((You are camouflaged when in or above water. (Stealth+)))
You have tentacles for arms and can constrict up to eight enemies at once.


   Skills:
 - Level 1.0 Fighting
 - Level 2.0 Dodging
 + Level 3.8 Unarmed Combat
 - Level 2.0 Spellcasting
 - Level 2.0 Transmutations


You had 4 spell levels left.
You knew the following spells:

 Your Spells              Type           Power      Damage    Failure   Level
a - Beastly Appendage     Tmut           14%        N/A       10%         1

Your spell library contained the following spells:

 Spells                   Type           Power      Damage    Failure   Level
 Wereblood                Tmut           7%         N/A       14%         2
 Sandblast                Erth           2%         2d4       22%         1
 Passwall                 Tmut/Erth      3%         N/A       22%         2
 Spider Form              Tmut/Pois      4%         N/A       41%         3
 Stone Arrow              Conj/Erth      2%         3d7       54%         3
 Ice Form                 Ice/Tmut       4%         N/A       82%         4

Inventory:

Scrolls
 b - 2 scrolls of teleportation {unknown}
Potions
 a - a potion of lignification {!q}
 c - 2 potions of curing {unknown}
 e - a potion of heal wounds {unknown}

Dungeon Overview and Level Annotations

Branches:
Dungeon (1/15)

Altars:

##.# ...# ...# .# ...#
#### .# ...# ##.? .# ##.#
###..####.## ##.######
#........[.#
........####.≈.≈.P.≈..#
##.####....#.≈..@.P≈..#
##)# #...÷)#P#.≈..# .#.###
###.⌠.#.#.⌠..# .....#
#.⌠†#_#.≈..# .....#
#.≈.###.⌠...#
..>..#######.≈.....≈....#
####.........PJ≈.P⌠≈.....#
#########.............#
................#


There were no monsters in sight!


Message History

The rat closely misses you.
You barely miss the rat. You tentacle-slap the rat. You constrict the rat.
You kill the rat!
The endoplasm freezes you.
You are frozen.
There is a dry fountain here.
HP[-2]
You take 2 damage, and now have 16/18 hp.
You tentacle-slap the endoplasm. x2
You kill the endoplasm!
A rat comes into view.
The frilled lizard bites you but does no damage.
The goblin misses you.
There is a dry fountain here.
You barely miss the goblin. You grab the goblin. You constrict the goblin.
The frilled lizard misses you. The goblin hits you with a +0 club.
HP[-4]
You take 4 damage, and now have 12/18 hp.
MASSIVE DAMAGE!! (PAUSE)
You are too injured to fight recklessly!
You are too injured to fight recklessly!
You are too injured to fight recklessly!
You are too injured to fight recklessly!
You are too injured to fight recklessly!
You are too injured to fight recklessly!
You are too injured to fight recklessly!
You are too injured to fight recklessly!
You are too injured to fight recklessly!
You are too injured to fight recklessly!
You are too injured to fight recklessly!
You are too injured to fight recklessly!
You are too injured to fight recklessly!
You are too injured to fight recklessly!
You are too injured to fight recklessly!
You are too injured to fight recklessly!
You are too injured to fight recklessly!
You are too injured to fight recklessly!
You closely miss the frilled lizard. Your grab misses the frilled lizard.
You squeeze the frilled lizard.
You kill the frilled lizard!
You constrict the goblin. The goblin hits you with a +0 club.
HP[-1]
You take 1 damage, and now have 11/18 hp.
You release your grip on the goblin.
The goblin barely misses you.
Something bites the fungus.
The fungus begins to die.
You see here a frilled lizard corpse.
The goblin hits you with a +0 club.
* * * LOW HITPOINT WARNING * * *
HP[-3]
You take 3 damage, and now have 8/18 hp.
You tentacle-slap the goblin.
You kill the goblin!
The rat splashes around in the water.
You tentacle-slap the rat.
You kill the rat!
A nearby fungus withers and dies.
You start resting.
A frilled lizard is nearby!
HP[+1]
A frilled lizard is nearby!
You start resting.
A frilled lizard is nearby!
The frilled lizard hisses angrily.
Things that are here:
a +0 club {mace}; a goblin corpse You barely miss the frilled lizard.
Your grab misses the frilled lizard. The frilled lizard misses you.
You barely miss the frilled lizard. Your grab misses the frilled lizard.
The frilled lizard bites you.
* * * LOW HITPOINT WARNING * * *
You tentacle-slap the frilled lizard.
You kill the frilled lizard!
HP[-3]
You take 3 damage, and now have 6/18 hp.
You see here a frilled lizard corpse.
An endoplasm comes into view.
The endoplasm quivers.
An endoplasm is nearby!
An endoplasm is nearby!
HP[+1]
You see here a frilled lizard corpse.
Things that are here:
a +0 club {mace}; a goblin corpse
Found a faded altar of an unknown god.
You start resting.
An endoplasm is nearby!
You tentacle-slap the endoplasm. The endoplasm freezes you.
You are frozen.
* * * LOW HITPOINT WARNING * * *
HP[-3]
You take 3 damage, and now have 4/18 hp.
You tentacle-slap the endoplasm.
You kill the endoplasm!
You start resting.
HP[+14]
Your hp is fully restored (18).
This is a scroll of acquirement!
Something appears before you!
Are you sure you want to abandon this character and quit the game? (Confirm with "yes".)

Action                   || total
-------------------------++-------
Melee: Unarmed           ||    36
       Constrict         ||     5
       Tentacles         ||     3
       Punch             ||     2
  Use: Scroll            ||     1
Armor: Skin              ||     2
Dodge: Dodged            ||    15

Levels and vault maps discovered:
D:1:      saegor_arrival_fortress, layout_rooms,
          shapermc_ecumenical_altar_acropolis, hangedman_decor_riveting

Notes
Turn   | Place    | Note
-------+----------+-------------------------------------------
     0 | D:1      | zeratav the Octopode Transmuter began the quest for the
                  | Orb.
     0 | D:1      | Reached XP level 1. HP: 13/13 MP: 3/3
     0 | D:1      | magus.rc [v1.9.6]
   324 | D:1      | Reached XP level 2. HP: 16/18 MP: 5/5
   395 | D:1      | You pick up a book of Geomancy and begin reading...
   395 | D:1      | You add the spells Sandblast, Passwall and Stone Arrow to
                  | your library.
   538 | D:1      | Found a faded altar of an unknown god.
   547 | D:1      | HP: 4/18 [frozen (3)]
   767 | D:1      | Identified a scroll of acquirement
   767 | D:1      | Acquired the ring of Obip Pie {rPois Will+}
   768 | D:1      | Quit the game

Vanquished Creatures
  A ball python (D:1)
  3 endoplasms (D:1)
  A giant cockroach (D:1)
  2 goblins (D:1)
  A hobgoblin (D:1)
  4 frilled lizards (D:1)
  A kobold (D:1)
  3 rats (D:1)
16 creatures vanquished.

Vanquished Creatures (others)
  A fungus (D:1)
  A plant (D:1)
2 creatures vanquished.

Grand Total: 18 creatures vanquished

Table legend:
 A = Non-vault XP
 B = Vault XP
 C = Vault XP percentage of total XP
 D = Non-vault monster count
 E = Vault monster count
 F = Vault count percentage of total count
                 A         B        C        D         E       F
            +---------+---------+-------+---------+---------+-------
      Total |      23 |       0 |   0.0 |      16 |       0 |   0.0
            +---------+---------+-------+---------+---------+-------
        D:1 |      23 |       0 |   0.0 |      16 |       0 |   0.0
            +---------+---------+-------+---------+---------+-------

Illustrated notes

Table legend:
 A = Kills in this place as a percentage of kills in entire the game.
 B = Kills by you in this place as a percentage of kills by you in the entire game.
 C = Kills by friends in this place as a percentage of kills by friends in the entire game.
 D = Other kills in this place as a percentage of other kills in the entire game.
 E = Experience gained in this place as a percentage of experience gained in the entire game.
 F = Experience gained in this place divided by the number of levels of this place that you have seen.
                   A       B       C       D       E      F
               +-------+-------+-------+-------+-------+----------------------
         Total | 100.0 | 100.0 |   N/A |   N/A | 100.0 |  23.0
       Dungeon | 100.0 | 100.0 |   N/A |   N/A | 100.0 |  23.0
               +-------+-------+-------+-------+-------+----------------------

Table legend: (Time is in decaauts)
 A = Elapsed time spent in this place.
 B = Non-inter-level travel time spent in this place.
 C = Inter-level travel time spent in this place.
 D = Time resting spent in this place.
 E = Time spent auto-exploring this place.
 F = Levels seen in this place.
 G = Mean time per level.
                   A        B        C        D        E       F      G
               +--------+--------+--------+--------+--------+-----+--------+
         Total |    765 |    765 |      0 |    376 |    291 |   1 |  765.0 |
       Dungeon |    765 |    765 |      0 |    376 |    291 |   1 |  765.0 |
               +--------+--------+--------+--------+--------+-----+--------+

Top non-repeatable levels by time:
     D:1: 765 daAuts
